AoeStats
← 0Atlas0

Arena

509371916Analyzed
4v4 RM · 5d ago on Sep 26, 2026· 58m 49s· 8 players
Game mode
Random Map
Map size
Large (8 player)
Population
200
Speed
Normal
Resources
Standard
Victory
Conquest
Starting age
Dark Age
Ending age
Imperial Age
RankedLock teamsTeams togetherTeam positionsShared explorationLock speedFull tech treeHidden civsTurbo modeCheats
Victory
Defeat
🇺🇸 Koreans · United States
1238
+14
🇺🇸 Hindustanis · United States
1177
+17
🇨🇿 Vietnamese · Czechia
1169
+17
🇹🇼 Mongols · Taiwan
1156
+18
🇺🇸 Burgundians · United States
1245
-18
🇦🇷 Franks · Argentina
1201
-17
🇦🇷 Khmer · Argentina
1174
-16
🇺🇸 Varangians · United States
1150
-15
Fortune1621
6:00 Double-Bit Axe
11:19 Feudal Age
12:14 Horse Collar
15:01 Castle Age
14:24 Bow Saw
14:12 Loom
17:20 Loom
21:46 Gold Mining
22:37 Wheelbarrow
30:21 Imperial Age
27:42 Town Watch
28:44 Scale Barding Armor
28:30 Fletching
28:51 Forging
28:46 Husbandry
29:32 Hand Cart
29:30 Cavalier
30:53 Chain Barding Armor
30:28 Bodkin Arrow
30:38 Squires
30:48 Heavy Plow
31:43 Paladin
33:30 Chemistry
32:40 Masonry
32:43 Fortified Wall
32:55 Ballistics
32:46 Masonry
33:32 Conscription
34:30 Two-Man Saw
33:44 Burgundian Vineyards
33:08 Light Cavalry
34:46 Plate Barding Armor
34:48 Iron Casting
36:06 Caravan
37:10 Hoardings
37:02 Elite Skirmisher
38:00 Bracer
38:02 Padded Archer Armor
39:05 Blast Furnace
40:03 Leather Archer Armor
40:23 Hussar
44:17 Architecture
43:51 Scale Mail Armor
0Atlas0
11:25 Feudal Age
15:34 Castle Age
14:01 Double-Bit Axe
14:01 Horse Collar
21:10 Bow Saw
23:21 Heavy Plow
25:27 Wheelbarrow
28:57 Imperial Age
26:51 Hand Cart
26:22 Loom
26:24 Town Watch
26:45 Scale Mail Armor
26:55 Forging
27:17 Gold Mining
27:19 Stone Mining
28:29 Chain Mail Armor
28:24 Forging
28:20 Squires
30:08 Plate Mail Armor
30:54 Iron Casting
31:04 Conscription
30:18 Elite Varangian Guard
32:10 Stone Shaft Mining
32:55 Two-Man Saw
32:55 Crop Rotation
31:48 Gothikon
32:59 Arson
33:00 Gambesons
33:08 Gambesons
34:26 Blast Furnace
33:18 Fletching
34:58 Capped Ram
36:14 Siege Engineers
35:50 Treadmill Crane
36:25 Masonry
36:15 Pikeman
36:50 Halberdier
38:15 Bodkin Arrow
38:26 Scale Barding Armor
39:14 Vendel Legacy
40:13 Caravan
40:24 Guilds
41:20 Bloodlines
41:07 Cavalier
42:13 Chain Barding Armor
42:53 Husbandry
44:06 Plate Barding Armor
49:41 Padded Archer Armor
50:46 Light Cavalry
52:28 Elite Jarl
Sir Monkey
10:26 Feudal Age
13:39 Castle Age
11:51 Double-Bit Axe
31:18 Horse Collar
38:02 Imperial Age
36:01 Heavy Plow
37:38 Bow Saw
38:43 Double Crossbow
39:05 Conscription
40:13 Chemistry
40:09 Ballistics
39:55 Siege Engineers
40:30 Wheelbarrow
39:42 Town Watch
42:07 Capped Ram
42:09 Heavy Scorpion
42:54 Gold Mining
44:24 Hand Cart
44:13 Siege Ram
50:00 Stone Mining
Nanox
11:15 Feudal Age
15:03 Castle Age
14:11 Double-Bit Axe
14:34 Scale Mail Armor
16:37 Wheelbarrow
16:26 Forging
16:08 Pikeman
26:15 Chain Mail Armor
29:17 Wheelbarrow
35:04 Imperial Age
33:14 Town Watch
33:47 Hand Cart
34:22 Iron Casting
34:09 Chain Mail Armor
35:50 Squires
36:51 Blast Furnace
36:14 Bow Saw
35:57 Gold Mining
37:11 Chemistry
35:42 Halberdier
37:17 Plate Mail Armor
38:24 Husbandry
38:30 Scale Barding Armor
38:37 Light Cavalry
40:07 Chain Barding Armor
40:54 Gold Shaft Mining
40:30 Caravan
41:46 Plate Barding Armor
41:50 Stone Mining
41:42 Cavalier
43:53 Fletching
49:33 Bodkin Arrow
frame mogging the moids
11:39 Feudal Age
15:51 Castle Age
14:15 Double-Bit Axe
14:12 Horse Collar
19:35 Scale Barding Armor
19:40 Forging
19:51 Light Cavalry
28:28 Heavy Plow
29:15 Stone Mining
30:33 Stone Shaft Mining
32:04 Bow Saw
36:57 Imperial Age
35:04 Wheelbarrow
35:07 Grand Trunk Road
35:46 Chain Barding Armor
36:01 Iron Casting
35:30 Padded Archer Armor
35:51 Squires
35:37 Arson
36:05 Gold Mining
36:29 Bloodlines
36:20 Husbandry
36:54 Hand Cart
37:10 Loom
37:54 Ballistics
37:47 Fortified Wall
37:42 Heavy Camel Rider
38:46 Conscription
40:17 Chemistry
40:02 Shatagni
40:32 Leather Archer Armor
42:05 Two-Man Saw
43:57 Siege Engineers
43:47 Hussar
45:14 Plate Barding Armor
45:39 Blast Furnace
57:31 Imperial Camel Rider
Party Cannon
10:58 Feudal Age
13:16 Loom
15:38 Castle Age
14:30 Double-Bit Axe
15:42 Horse Collar
33:56 Heavy Plow
34:49 Squires
34:35 Arson
35:19 Gold Mining
36:25 Loom
37:16 Wheelbarrow
39:33 Imperial Age
37:48 Stone Mining
38:35 Gold Shaft Mining
39:36 Capped Ram
39:45 Elite Fire Lancer
40:44 Bow Saw
41:32 Forging
41:23 Scale Mail Armor
42:43 Hand Cart
43:45 Chemistry
43:34 Treadmill Crane
43:46 Fletching
44:32 Iron Casting
44:16 Chain Mail Armor
45:56 Fletching
47:12 Siege Engineers
46:32 Pikeman
48:26 Heavy Rocket Cart
51:20 Plate Mail Armor
50:25 Halberdier
55:06 Conscription
54:49 Eupseong
55:19 Ballistics
54:56 Bodkin Arrow
59:10 Town Watch
orangepocalypse
2:37 Loom
10:49 Feudal Age
15:25 Castle Age
13:45 Horse Collar
14:13 Double-Bit Axe
16:18 Bow Saw
16:13 Heavy Plow
20:45 Fletching
25:53 Wheelbarrow
26:08 Town Watch
26:51 Padded Archer Armor
28:21 Scale Barding Armor
28:26 Forging
30:57 Imperial Age
29:36 Scale Barding Armor
29:41 Forging
29:49 Hand Cart
29:32 Gold Mining
31:55 Chain Barding Armor
32:11 Iron Casting
31:39 Husbandry
33:36 Two-Man Saw
33:32 Chatras
34:15 Bloodlines
35:42 Plate Barding Armor
37:09 Ballistics
38:22 Paper Money
39:27 Bodkin Arrow
39:49 Elite Battle Elephant
42:28 Bracer
41:50 Light Cavalry
43:27 Thumb Ring
42:43 Elite Skirmisher
44:49 Imperial Skirmisher
46:36 Leather Archer Armor
48:01 Ring Archer Armor
Not.ACCM
10:25 Feudal Age
14:05 Castle Age
11:52 Double-Bit Axe
11:51 Horse Collar
15:10 Bow Saw
16:21 Loom
20:24 Wheelbarrow
20:12 Stone Mining
22:22 Hand Cart
22:50 Stone Shaft Mining
23:49 Gold Mining
24:33 Town Watch
25:42 Gold Shaft Mining
28:17 Imperial Age
26:00 Padded Archer Armor
25:52 Fletching
27:15 Bodkin Arrow
27:27 Scale Barding Armor
29:16 Ballistics
30:22 Chain Barding Armor
30:04 Husbandry
30:48 Bloodlines
30:59 Bracer
32:09 Conscription
32:13 Leather Archer Armor
32:08 Forging
31:22 Light Cavalry
33:05 Elite Mangudai
35:20 Iron Casting
35:24 Drill
35:53 Siege Engineers
35:59 Masonry
36:51 Chemistry
36:03 Masonry
37:30 Capped Ram
39:33 Parthian Tactics
39:13 Thumb Ring
38:42 Siege Ram
43:05 Hussar
49:04 Blast Furnace
49:37 Hoardings
51:40 Heavy Plow
Connection lost

Rejoining the realm…

Still unreachable

The connection could not be restored.

Session expired

The server has moved on; the page needs a fresh start.